 Dungeon Crawl Stone Soup version 0.25-a0-310-g60f0ac2d9a (webtiles) character file.

Game seed: 5494172145945480290, levelgen mode: deterministic

580234 MrRokkomies the Acrobat (level 25, 0/192 HPs)
             Began as a Spriggan Enchanter on Dec 20, 2019.
             Was an Initiate of Gozag.
             Slain by an ice dragon (2 damage)
             ... on level 4 of the Realm of Zot on Dec 23, 2019.
             The game lasted 06:24:47 (73392 turns).

MrRokkomies the Acrobat (Spriggan Enchanter)       Turns: 73392, Time: 06:24:53

Health: 0/192      AC: 34    Str:  9    XL:     25   Next: 91%
Magic:  21/38      EV: 37    Int: 34    God:    Gozag
Gold:   6679       SH: 14    Dex: 16    Spells: 2/54 levels left

rFire    + . .     SeeInvis +   a - +9 rapier (speed)
rCold    + + .     Gourm    .   N - +6 buckler of Makhleb's Benevolence {MR+ Int+6}
rNeg     + + .     Faith    .   (armour currently unavailable)
rPois    ∞         Spirit   .   w - +2 hat
rElec    +         Reflect  .   W - +2 cloak {rC+}
rCorr    .         Harm     .   (gloves unavailable)
MR       +++++                  (boots unavailable)
Stlth    +++++++++.             B - amulet "Icimoptaite" {rC+ rN+ MR+++ Regen+ Dex-3}
HPRegen  0.82/turn              X - ring "Dutrot" {rPois Int+8 Dex-3 Slay+4 Stlth+}
MPRegen  0.26/turn              o - ring of False Pretenses {rF+ EV+1 Str+2}

@: statue-form, very slow
A: very small, unfitting armour, see invisible, herbivore, low mp 1, slow
metabolism 2
}: 3/15 runes: serpentine, barnacled, silver
a: End Transformation, Potion Petition, Call Merchant, Bribe Branch, Renounce
Religion


You were on level 4 of the Realm of Zot.
You worshipped Gozag.
Gozag was greatly pleased with you.
You were not hungry.
You were a stone statue.
You visited 11 branches of the dungeon, and saw 52 of its levels.
You also visited: Gauntlet and Ice Cave.

You collected 29645 gold pieces.
You spent 5884 gold pieces at shops.
You paid 17082 gold pieces to Gozag.

Inventory:

Hand Weapons
 a - a +9 rapier of speed (weapon)
 b - a +7 fustibalus of flaming
Missiles
 f - 291 sling bullets
 P - 11 throwing nets (quivered)
Armour
 m - a +4 troll leather armour (melded) {Purgy}
 w - a +2 hat (worn)
 N - the +6 buckler of Makhleb's Benevolence (worn) {MR+ Int+6}
   (You bought it in a shop on level 4 of the Lair of Beasts)

   It affects your intelligence (+6).
   It affects your resistance to hostile enchantments.
 W - a +2 cloak of cold resistance (worn)
Jewellery
 o - the ring of False Pretenses (right hand) {rF+ EV+1 Str+2}
   (You found it in a Gauntlet)

   [ring of evasion]

   It affects your evasion (+1).
   It affects your strength (+2).
   It protects you from fire.
 s - the ring of Pride {Fire Str+7}
   (You took it off a yaktaur on level 3 of the Depths)

   [ring of fire]

   It enhances your fire magic.
   It affects your strength (+7).
   It protects you from fire.
   It makes you vulnerable to cold.
 B - the amulet "Icimoptaite" (around neck) {rC+ rN+ MR+++ Regen+ Dex-3}
   (You found it on level 6 of the Dungeon)

   [amulet of regeneration]

   It affects your dexterity (-3).
   It protects you from cold.
   It protects you from negative energy.
   It affects your resistance to hostile enchantments.
   It increases your rate of regeneration.
 X - the ring "Dutrot" (left hand) {rPois Int+8 Dex-3 Slay+4 Stlth+}
   (You took it off a naga mage on level 1 of the Snake Pit)

   [ring of stealth]

   It affects your intelligence (+8).
   It affects your dexterity (-3).
   It affects your accuracy and damage with ranged weapons and melee attacks
   (+4).
   It protects you from poison.
   It makes you more stealthy.
Wands
 p - a wand of acid (50)
 q - a wand of digging (22)
 t - a wand of clouds (6)
 L - a wand of iceblast (55)
 M - a wand of paralysis (66)
Scrolls
 c - 3 scrolls of silence
 g - 5 scrolls of immolation
 i - 2 scrolls of enchant armour
 j - 24 scrolls of teleportation
 l - 4 scrolls of summoning
 n - a scroll of enchant weapon
 x - 19 scrolls of remove curse
 y - 4 scrolls of fear
 D - 12 scrolls of amnesia
 F - 10 scrolls of fog
 O - 19 scrolls of identify
 Q - 7 scrolls of blinking
 V - 5 scrolls of holy word
 Z - 5 scrolls of magic mapping
Potions
 d - 6 potions of agility
 e - 12 potions of ambrosia
 h - 12 potions of might
 r - 9 potions of haste
 u - 3 potions of invisibility
 z - 4 potions of berserk rage
 A - 9 potions of lignification
 E - 2 potions of resistance
 G - 10 potions of magic
 H - 31 potions of curing
 I - 2 potions of cancellation
 J - 10 potions of brilliance
 T - 4 potions of heal wounds
 U - 8 potions of flight
Miscellaneous
 k - 5 phantom mirrors
 C - a lamp of fire
 K - a fan of gales
 R - a phial of floods
 S - a lightning rod (4/4)
 Y - 4 boxes of beasts
Comestibles
 v - 50 rations


   Skills:
 * Level 20.6 Fighting
 - Level 14.0 Short Blades
 - Level 17.1 Slings
 - Level 8.0 Armour
 * Level 23.3 Dodging
 - Level 22.5 Stealth
 - Level 7.2 Shields
 - Level 15.0 Spellcasting
 - Level 10.0 Conjurations
 - Level 12.0 Hexes
 - Level 4.3 Summonings
 - Level 5.0 Translocations
 - Level 10.0 Transmutations
 - Level 5.0 Air Magic
 - Level 10.0 Earth Magic
 - Level 10.0 Poison Magic
 - Level 13.0 Evocations


You had 2 spell levels left.
You knew the following spells:

 Your Spells              Type           Power        Failure   Level  Hunger
a - Tukima's Dance        Hex            #######.     1%          3    None
b - Summon Mana Viper     Hex/Summ       ######..     1%          5    None
c - Confuse               Hex            #######.     1%          3    None
d - Alistair's Intoxicat  Tmut/Pois      #######.     1%          5    None
e - Confusing Touch       Hex            ######       0%          1    None
f - Blink                 Tloc           N/A          1%          2    None
g - Yara's Violent Unrav  Hex/Tmut       #######...   1%          5    None
h - Irradiate             Conj/Tmut      #######...   1%          5    None
i - Statue Form           Tmut/Erth      #######..    4%          6    ##.....
j - Summon Lightning Spi  Summ/Air       ######..     2%          4    None
k - Eringya's Noxious Bo  Tmut/Pois      #######...   4%          6    ##.....
l - Iron Shot             Conj/Erth      #######...   4%          6    ##.....
m - Summon Butterflies    Summ           ######..     1%          1    None

Your spell library contained the following spells:

 Spells                   Type           Power        Failure   Level  Hunger
 Corona                   Hex            #######      0%          1    None
 Animate Skeleton         Necr           N/A          1%          1    None
 Beastly Appendage        Tmut           ######       1%          1    None
 Foxfire                  Conj/Fire      ####         1%          1    None
 Freeze                   Ice            ####         1%          1    None
 Infusion                 Chrm           ####         1%          1    None
 Magic Dart               Conj           ####         1%          1    None
 Pain                     Necr           ####         1%          1    None
 Shock                    Conj/Air       ####         1%          1    None
 Sting                    Tmut/Pois      ####         1%          1    None
 Summon Small Mammal      Summ           ####         1%          1    None
 Call Imp                 Summ           ######..     1%          2    None
 Corpse Rot               Necr/Air       N/A          1%          2    None
 Ensorcelled Hibernation  Hex/Ice        ######       1%          2    None
 Poisonous Vapours        Pois/Air       ######       1%          2    None
 Searing Ray              Conj           ######       1%          2    None
 Shroud of Golubria       Chrm/Tloc      #####.       1%          2    None
 Slow                     Hex            #######.     1%          2    None
 Sticks to Snakes         Tmut           #######.     1%          2    None
 Swiftness                Chrm/Air       #####...     1%          2    None
 Song of Slaying          Chrm           ####....     2%          2    None
 Sublimation of Blood     Necr           ####......   2%          2    None
 Call Canine Familiar     Summ           ######..     1%          3    None
 Conjure Flame            Conj/Fire      ######..     1%          3    None
 Dazzling Flash           Conj/Hex       ######       1%          3    None
 Gell's Gravitas          Tloc           ######....   1%          3    None
 Ignite Poison            Fire/Tmut/Pois ######..     1%          3    None
 Inner Flame              Hex/Fire       ######..     1%          3    None
 Mephitic Cloud           Conj/Pois/Air  ######..     1%          3    None
 Portal Projectile        Hex/Tloc       ######       1%          3    None
 Spectral Weapon          Hex/Chrm       ######..     1%          3    None
 Spider Form              Tmut/Pois      #######...   1%          3    None
 Static Discharge         Conj/Air       ######..     1%          3    None
 Summon Guardian Golem    Hex/Summ       ######..     1%          3    None
 Airstrike                Air            ######....   1%          4    None
 Cause Fear               Hex            #######...   1%          4    None
 Fulminant Prism          Conj/Hex       #######...   1%          4    None
 Hailstorm                Conj/Ice       ######..     1%          4    None
 Ice Form                 Ice/Tmut       ######..     1%          4    None
 Iskenderun's Mystic Bla  Conj/Tloc      ######..     1%          4    None
 Leda's Liquefaction      Hex/Erth       #######...   1%          4    None
 Olgreb's Toxic Radiance  Pois           #######.     1%          4    None
 Petrify                  Tmut/Erth      #######.     1%          4    None
 Blade Hands              Tmut           #######...   1%          5    None
 Lightning Bolt           Conj/Air       ######....   1%          5    None
 Silence                  Hex/Air        ######....   1%          5    None
 Bolt of Magma            Conj/Fire/Erth ######....   2%          5    None
 Metabolic Englaciation   Hex/Ice        ######....   3%          5    None
 Ozocubu's Armour         Chrm/Ice       ####....     4%          3    None
 Regeneration             Chrm/Necr      ####......   4%          3    None
 Vampiric Draining        Necr           ####......   4%          3    None
 Hydra Form               Tmut           #######...   4%          6    ##.....
 Borgnjor's Vile Clutch   Necr/Erth      ######....   5%          5    None
 Iskenderun's Battlesphe  Conj/Chrm      ######..     5%          5    None
 Summon Ice Beast         Ice/Summ       #####...     6%          4    None
 Conjure Ball Lightning   Conj/Air       ######....   11%         6    ##.....
 Animate Dead             Necr           N/A          16%         4    None
 Dragon Form              Tmut           #######...   22%         7    ####...
 Orb of Destruction       Conj           #######...   22%         7    ####...
 Freezing Cloud           Conj/Ice/Air   ######....   30%         6    ##.....
 Agony                    Necr           ####....     41%         5    None
 Dispel Undead            Necr           ####....     41%         5    None
 Excruciating Wounds      Chrm/Necr      ####......   41%         5    None
 Spellforged Servitor     Conj/Summ      ######....   56%         7    ####...
 Deflect Missiles         Chrm/Air       #####.....   65%         6    ##.....
 Lehudib's Crystal Spear  Conj/Erth      #######...   86%         8    ######.
 Summon Hydra             Summ           ######....   92%         7    ####...
 Death Channel            Necr           ####......   94%         6    ##.....
 Simulacrum               Ice/Necr       ####......   94%         6    ##.....
 Haunt                    Necr/Summ      #####.....   99%         7    ####...
 Chain Lightning          Conj/Air       ######....   99%         8    ######.
 Ring of Flames           Chrm/Fire      ####......   100%        7    ####...
 Borgnjor's Revivificati  Necr           ####......   100%        8    ######.
 Death's Door             Chrm/Necr      ####......   100%        8    ######.
 Disjunction              Tloc           ######....   100%        8    ######.
 Infestation              Necr           ####......   100%        8    ######.
 Necromutation            Tmut/Necr      ######....   100%        8    ######.
 Dragon's Call            Summ           ######....   100%        9    #######
 Fire Storm               Conj/Fire      ######....   100%        9    #######
 Glaciate                 Conj/Ice       ######....   100%        9    #######
 Tornado                  Air            ######....   100%        9    #######


Dungeon Overview and Level Annotations

Branches:
Dungeon (15/15)            Temple (1/1) D:5            Lair (6/6) D:9
 Shoals (4/4) Lair:3        Snake (4/4) Lair:2        Slime (0/5) Lair:5
    Orc (2/2) D:11            Elf (3/3) Orc:2        Vaults (5/5) D:14
  Crypt (3/3) Vaults:2       Tomb (0/3) Crypt:3      Depths (5/5) D:15
    Zot (4/5) Depths:5      IceCv (visited)         Gauntlet (visited)

Altars:
Ashenzari
Cheibriados
Dithmenos
Elyvilon
Fedhas
Gozag
Hepliaklqana
Kikubaaqudgha
Makhleb
Nemelex Xobeh
Okawaru
Qazlal
Ru
Sif Muna
Trog
Uskayaw
Vehumet
Wu Jian
Xom
Yredelemnul
Zin
The Shining One
Beogh
Jiyva

Shops:
D:5 !=   D:6 [   D:9 (   D:11 (   D:13 [   Orc:2 ?=(}   Elf:1 }=}?   Lair:3 (
Lair:4 [   Shoals:3 *}?![   Snake:2 (=!   Vaults:2 *   Vaults:3 **   Vaults:4 [
Depths:3 !

Portals:
Hell: Depths:1 Depths:2 Depths:3 Depths:4 Depths:5
Abyss: Depths:3 Depths:4
Pandemonium: Depths:2 Depths:3 Depths:4
Ziggurat: Depths:5
Trove: Depths:2 (give +8 demon trident)

Annotations:
Lair:2 exclusion: oklob plant
Lair:5 exclusion: 5 oklob plants
Elf:2 3 runed translucent doors
Vaults:2 1 runed translucent door, Kagalorn's ghost, adept BaTm
Depths:3 1 runed translucent door, Niussima's ghost, veteran BaAK
Depths:4 2 transporters


Innate Abilities, Weirdness & Mutations

You are very small and have problems with some larger weapons.
You are too small for most types of armour.
You have supernaturally acute eyesight. (SInv)
You are a herbivore.
((You cover ground extremely quickly.))
You need to consume almost no food.
Your magical capacity is low. (-10% MP)


Message History

The war gargoyle resists.
The war gargoyle is blown backwards by the freezing wind.
The war gargoyle collides with you! The chilling blast misses you.
You block the ice dragon's attack. x3
You puncture the ancient lich!
The ancient lich is severely damaged.
You puncture the ancient lich!
The ancient lich is almost destroyed.
The ancient lich gestures at you while chanting.
The crystal spear hits you!!!!
* * * LOW HITPOINT WARNING * * *
The Ice Fiend gestures at you. The bolt of cold misses you.
The bolt of cold hits the ice dragon!
The ice dragon resists.
The bolt of cold hits the ice dragon!
The ice dragon resists.
The war gargoyle launches metal splinters at you.
The spray of metal splinters misses you.
You block the ice dragon's attack. The ice dragon claws you.
You die...
Your body crumbles into a pile of gold.

).# ##..##..##≈.≈.≈##≈.≈.≈##..#..
).###..#.....##≈.≈####≈.≈##....#.
)###...#..##..##≈##|.##≈##.......
)##..#......#..###[>_.###...#....
.##..#.....[#..###.>>=###..#.....
.###..##..#...##≈'#.[##≈##.......
..# #.....#..##≈$≈q###≈.≈##...#..
#.# ##..##..##≈L19≈##≈.≈.≈##...#.
#)# ##..[.##≈$≈8≈####≈.≈.≈##....
#.# ##[.##≈$≈$D##..##≈.§.###..#
#.## ##''#'≈$≈##....##≈.≈##''##
#..# #####..#'≈##......#####..###
##.###..###..###........###..###.
#.##..#####.##....#...).#'.#####
#.#..########.......#....'### ##
#...#########....#.......#######
#..#######.###.....#....###.####


You could see a white draconian monk, an ancient lich, an Ice Fiend, an ice
dragon and a war gargoyle.

Vanquished Creatures
  Khufu (Crypt:2)
  An ancient lich (Depths:5)
  A greater mummy (Crypt:2)
  Frederick (Depths:3)
  Bai Suzhen (Depths:2)
  3 curse toes
  Jory (Crypt:3)
  5 golden dragons
  An electric golem (Zot:2)
  Rupert (Snake:1)
  7 liches
  4 tentacled monstrosities
  2 titans (Vaults:5)
  2 deep elf blademasters (Elf:3)
  A deep elf master archer (Elf:3)
  2 sphinxes
  A death cob (Zot:1)
  2 quicksilver dragons
  An ancient champion (Crypt:2)
  Kirke (D:12)
  5 shadow dragons
  Agnes (Snake:1)
  3 revenants
  10 draconian monks
  14 storm dragons
  2 nagarajas
  4 vault wardens
  9 frost giants
  Ilsuiw (Shoals:2)
  2 fire giants (Depths:5)
  8 deep elf sorcerers
  6 draconian knights
  A balrug (Depths:4)
  4 draconian scorchers
  Aizul (Elf:1)
  3 draconian shifters
  A curse skull (Crypt:2)
  6 draconian stormcallers
  2 iron dragons (Depths:4)
  5 deep elf elementalists (Elf:3)
  6 ghouls
  9 ironheart preservers
  5 draconian annihilators
  4 reapers
  2 war gargoyles
  13 very ugly things
  19 vampire knights
  A black draconian (Zot:2)
  6 green draconians
  15 stone giants
  5 dire elephants
  4 deep elf demonologists (Elf:3)
  10 spark wasps
  9 red draconians
  6 purple draconians
  7 white draconians
  9 yellow draconians
  5 deep elf annihilators
  A minotaur (Gauntlet)
  A lorocyproca (Depths:4)
  Azrael (Elf:2)
  3 green deaths (Depths:1)
  10 eidola
  3 merfolk javelineers (Shoals:4)
  A quicksilver dragon zombie (Crypt:3)
  10 yaktaur captains
  10 ettins
  16 jiangshi
  6 merfolk impalers
  8 deep elf death magi
  16 fire dragons
  8 great orbs of eyes
  2 deep elf high priests (Elf:3)
  10 ice dragons
  8 rakshasas
  2 monstrous demonspawn
  Erolcha (D:11)
  12 naga warriors
  A quicksilver dragon skeleton (Crypt:2)
  14 vault guards
  11 hydras
  16 anacondas
  3 spriggan air magi
  2 catoblepae
  9 merfolk aquamancers
  An anaconda (shapeshifter) (Depths:5)
  18 two-headed ogres
  3 alligator snapping turtles (Shoals:4)
  2 dancing weapons
  2 merfolk avatars
  4 deep troll shamans
  10 centaur warriors
  9 ogre magi
  8 death yaks
  4 death knights
  7 tengu warriors
  9 deep troll earth magi
  13 vampire magi
  Urug (Lair:2)
  8 shock serpents
  19 deep elf knights
  A soul eater (Crypt:2)
  9 naga sharpshooters
  8 spriggan berserkers
  2 sun demons (Depths:4)
  49 skeletal warriors
  2 salamander mystics (Snake:4)
  8 hell knights
  5 shadow wraiths
  3 iron trolls
  An anaconda zombie (Crypt:1)
  26 deep trolls
  A death drake (shapeshifter) (Depths:5)
  4 unseen horrors
  8 sea snakes
  A storm dragon skeleton (Vaults:1)
  A deep troll (shapeshifter) (D:15)
  8 flayed ghosts
  3 glowing orange brains
  5 naga ritualists
  A torturous demonspawn (Depths:4)
  Pikel (D:9)
  14 deep elf archers
  5 wizards
  23 phantasmal warriors
  A lindwurm (shapeshifter) (Depths:2)
  10 orc knights
  An anaconda skeleton (Crypt:1)
  8 ironbrand convokers
  An orb spider (shapeshifter) (Vaults:3)
  3 wolf spider zombies
  2 harpies
  61 deep elf magi
  A wolf spider (Vaults:1)
  A shadow dragon zombie (Crypt:3)
  5 necromancers
  A frost giant zombie (Crypt:3)
  15 mana vipers
  5 salamanders
  49 ugly things
  15 manticores
  A fire giant zombie (Vaults:3)
  An iron dragon zombie (Crypt:3)
  9 moths of wrath
  7 orc sorcerers
  11 cyclopes
  13 merfolk sirens
  5 fauns
  A rust devil (Depths:3)
  A black mamba (shapeshifter) (Vaults:1)
  2 stone giant skeletons
  4 elephants (Lair:6)
  A dire elephant zombie (Crypt:1)
  Joseph (Lair:1)
  A fire giant skeleton (Crypt:1)
  An eye of devastation (shapeshifter) (Vaults:5)
  A guardian serpent (shapeshifter) (Vaults:1)
  8 water nymphs
  A gargoyle (D:15)
  8 vault sentinels
  4 centaur skeletons
  16 naga magi
  3 ice statues (IceCv)
  47 black mambas
  A water nymph (shapeshifter) (Elf:2)
  A shock serpent skeleton (Crypt:2)
  2 torpor snails
  2 guardian serpents
  14 spiny frogs
  A hellion (Depths:3)
  8 komodo dragons
  44 yaktaurs
  2 kobold demonologists (D:15)
  A redback zombie (Crypt:3)
  5 tengu conjurers
  8 freezing wraiths
  7 rime drakes
  An efreet (D:15)
  A grey draconian skeleton (Crypt:3)
  A hydra zombie (Crypt:3)
  2 polar bears (shapeshifter)
  A guardian mummy (Crypt:3)
  4 trolls
  2 hellwings (Depths:3)
  A minotaur skeleton (Crypt:2)
  A meliai (shapeshifter) (Elf:1)
  A yaktaur skeleton (Vaults:1)
  2 trolls (shapeshifter)
  11 polar bears
  A jumping spider (shapeshifter) (Elf:2)
  2 hornets (shapeshifter)
  A queen bee (Gauntlet)
  30 merfolk
  6 hornets
  An alligator zombie (Crypt:2)
  A wind drake (shapeshifter) (Depths:3)
  A wolf spider simulacrum (Crypt:1)
  10 wind drakes
  A raiju (shapeshifter) (D:13)
  29 blink frogs
  Prince Ribbit (D:9)
  Grinder (D:6)
  8 hippogriffs
  7 snapping turtles
  2 fire dragon zombies
  3 bog bodies
  Sigmund (D:3)
  15 dream sheep
  An ice dragon zombie (Crypt:2)
  An ettin skeleton (Crypt:3)
  A black mamba zombie (Crypt:3)
  15 slime creatures
  A guardian serpent skeleton (Crypt:2)
  2 spriggans
  A spriggan (shapeshifter) (Vaults:3)
  A shadow (Crypt:1)
  27 wraiths
  4 wyverns
  5 air elementals
  13 water elementals
  32 yaks
  A hog (shapeshifter) (Depths:3)
  6 basilisks
  7 fire elementals
  3 hogs (D:12)
  A neqoxec (Depths:4)
  2 chaos spawn (Depths:4)
  Eustachio (D:7)
  2 steam dragons (Shoals:4)
  8 vampire mosquitoes (D:15)
  2 wargs
  26 nagas
  A soldier ant (D:13)
  2 hell hounds (Elf:2)
  14 water moccasins
  A monstrous demonspawn skeleton (Crypt:2)
  2 acid dragons
  2 floating eyes (shapeshifter)
  A two-headed ogre skeleton (Crypt:1)
  10 porcupines
  30 orc warriors
  5 sky beasts
  An eye of draining (shapeshifter) (Vaults:5)
  Purgy (D:3)
  A slave (D:9)
  2 hornet zombies
  2 phantoms (D:5)
  4 black bears
  3 necrophages
  26 ogres
  10 boggarts
  A tengu (shapeshifter) (Depths:2)
  2 human zombies
  50 wolves
  A hog zombie (Crypt:2)
  A dream sheep skeleton (Crypt:2)
  A rime drake zombie (Crypt:1)
  28 centaurs
  8 crocodiles
  3 big kobolds
  A yaktaur zombie (Crypt:3)
  2 earth elementals (Elf:1)
  Blork the orc (D:7)
  20 bullfrogs
  A gnoll sergeant (D:12)
  A water moccasin zombie (D:7)
  A shapeshifter zombie (Crypt:3)
  2 wyvern skeletons
  4 scorpions
  12 killer bees
  10 wights
  3 howler monkeys
  A wolf zombie (Crypt:3)
  An electric eel (Lair:2)
  3 centaur zombies
  6 crimson imps
  A bullfrog zombie (D:9)
  2 quasits
  25 orc priests
  6 hounds
  A human simulacrum (Vaults:3)
  39 orc wizards
  2 bullfrog skeletons
  6 jellies
  3 iron imps (Depths:4)
  Jessica (D:3)
  Ijyb (D:3)
  15 worker ants
  2 hell rats (Lair:1)
  8 iguanas
  A porcupine zombie (Crypt:3)
  A hound zombie (Crypt:1)
  A big kobold skeleton (Crypt:2)
  A felid skeleton (Crypt:1)
  A hound skeleton (D:6)
  14 mummies
  8 gnolls
  10 adders
  9 river rats (Lair:1)
  7 shadow imps
  A swamp drake skeleton (Crypt:2)
  A white imp (Depths:4)
  3 ufetubi
  An ooze (D:1)
  An adder skeleton (D:7)
  An iguana skeleton (Crypt:3)
  A worm (shapeshifter) (Depths:3)
  2 dart slugs (D:2)
  7 leopard geckos
  90 orcs
  10 bats
  5 giant cockroaches
  14 goblins
  10 hobgoblins
  14 jackals
  6 quokkas
  A river rat zombie (Crypt:1)
  2 ball pythons
  6 frilled lizards
  A goblin skeleton (Crypt:3)
  28 kobolds
  2 leopard gecko skeletons
  A quokka skeleton (D:8)
  2 quokka zombies (D:6)
  8 rats
  A spectral orc (D:5)
  5 plants
2159 creatures vanquished.

Vanquished Creatures (collateral kills)
  Vashnia (Snake:3)
  A tentacled monstrosity (Zot:1)
  A quicksilver dragon (Vaults:5)
  2 shadow dragons (Vaults:5)
  A storm dragon (Vaults:5)
  2 draconian monks (Zot:1)
  3 tengu reavers
  A frost giant (Vaults:3)
  A vault warden (Vaults:4)
  Louise (Snake:3)
  A draconian scorcher (Zot:2)
  A draconian shifter (Zot:2)
  4 draconian stormcallers
  A draconian annihilator (Zot:1)
  A stone giant (Vaults:5)
  3 black draconians
  A vampire knight (Depths:3)
  A red draconian (Zot:1)
  2 yellow draconians
  4 white draconians
  7 purple draconians
  3 ettins
  3 merfolk impalers
  An ogre mage (Vaults:1)
  4 naga warriors
  An ice dragon (Depths:2)
  4 vault guards
  An anaconda (Snake:4)
  9 two-headed ogres
  3 death knights
  An orc high priest (Orc:2)
  A dancing weapon (Vaults:5)
  4 naga sharpshooters
  2 shock serpents (Snake:3)
  A deep elf knight (Vaults:5)
  2 hell knights (Depths:3)
  A salamander mystic (Snake:4)
  A wizard (Vaults:3)
  3 naga ritualists
  A deep elf archer (Vaults:3)
  A necromancer (Depths:3)
  4 orc knights
  4 salamanders
  A deep elf mage (Vaults:5)
  4 ugly things
  A moth of wrath (Zot:2)
  A jumping spider (Vaults:5)
  3 naga magi (Snake:4)
  2 black mambas (Snake:4)
  A yak (IceCv)
  18 nagas
  10 orc warriors
  6 ogres
  5 wights
  2 orc wizards
  7 orcs
156 creatures vanquished.

Vanquished Creatures (others)
  A curse toe (Zot:2)
  2 golden dragons (Vaults:5)
  2 tentacled monstrosities
  2 titans (Vaults:5)
  3 sphinxes (Vaults:5)
  2 death cobs
  2 shadow dragons (Vaults:5)
  5 draconian monks
  4 tengu reavers (Vaults:5)
  3 nagarajas (Snake:4)
  3 fire giants
  A frost giant (Vaults:5)
  3 vault wardens (Vaults:5)
  2 draconian knights
  2 draconian scorchers (Zot:2)
  A reaper (Depths:1)
  2 ironheart preservers (Vaults:5)
  A draconian shifter (Zot:2)
  2 very ugly things
  4 war gargoyles (Vaults:5)
  An entropy weaver (Vaults:5)
  A deep elf demonologist (Vaults:5)
  2 red draconians (Zot:2)
  A white draconian (Zot:4)
  2 yellow draconians
  2 purple draconians (Zot:2)
  A naga sharpshooter (Snake:4)
  7 ettins (Vaults:5)
  A deep elf death mage (Vaults:5)
  A fire dragon (Depths:2)
  2 yaktaur captains (Vaults:5)
  An ice dragon (Zot:4)
  2 deep elf high priests (Vaults:5)
  4 naga warriors (Snake:4)
  21 vault guards (Vaults:5)
  A centaur warrior (Depths:4)
  A two-headed ogre (Depths:3)
  A deep troll earth mage (Vaults:5)
  A spriggan berserker (Depths:3)
  2 deep elf knights (Vaults:5)
  2 hell knights (Depths:3)
  6 deep trolls
  A deep elf archer (Elf:1)
  An ironbrand convoker (Vaults:5)
  A phantasmal warrior (Vaults:5)
  A shining eye (shapeshifter) (Vaults:5)
  4 deep elf magi
  A black mamba (Snake:3)
  2 vault sentinels (Vaults:5)
  A naga mage (Snake:4)
  2 yaktaurs (Vaults:5)
  A freezing wraith (Vaults:5)
  A komodo dragon (Lair:2)
  43 dancing weapons
  3 yaks
  3 redbacks (Vaults:5)
  A yak (shapeshifter) (Vaults:5)
  10 nagas (Snake:4)
  2 slaves (D:9)
  2 centaurs (Depths:4)
  A quasit (D:9)
  3 orc wizards
  A worker ant (D:9)
  A kobold (Depths:3)
  20 demonic plants (Gauntlet)
  13 fungi
  9 plants
  5 toadstools (D:1)
243 creatures vanquished.

Grand Total: 2558 creatures vanquished

Notes
Turn   | Place    | Note
-------+----------+-------------------------------------------
     0 | D:1      | MrRokkomies the Spriggan Enchanter began the quest for the
                  | Orb.
     0 | D:1      | Reached XP level 1. HP: 9/9 MP: 5/5
   147 | D:1      | Reached XP level 2. HP: 8/13 MP: 6/6
   151 | D:1      | Learned a level 2 spell: Ensorcelled Hibernation
  1190 | D:1      | Reached XP level 3. HP: 9/16 MP: 2/8
  1225 | D:1      | Learned a level 3 spell: Confuse
  1916 | D:2      | Reached skill level 5 in Stealth
  2077 | D:2      | Reached XP level 4. HP: 18/21 MP: 6/9
  2279 | D:2      | Reached skill level 4 in Dodging
  2429 | D:2      | Reached XP level 5. HP: 15/24 MP: 7/10
  2660 | D:2      | Reached skill level 5 in Hexes
  2854 | D:2      | Found a radiant altar of Vehumet.
  2856 | D:2      | Found a hazy altar of Hepliaklqana.
  2857 | D:2      | Found a burning altar of Makhleb.
  2901 | D:2      | Found a faded altar of an unknown god.
  3016 | D:3      | Noticed Purgy
  3019 | D:3      | Killed Purgy
  3064 | D:3      | Noticed Ijyb
  3067 | D:3      | Noticed Jessica
  3071 | D:3      | Killed Ijyb
  3071 | D:3      | Reached XP level 6. HP: 28/28 MP: 8/11
  3075 | D:3      | Killed Jessica
  3316 | D:3      | Reached skill level 5 in Dodging
  3360 | D:3      | Noticed Sigmund
  3379 | D:3      | Killed Sigmund
  3379 | D:3      | Reached XP level 7. HP: 28/32 MP: 6/12
  3384 | D:3      | Reached skill level 1 in Shields
  3509 | D:3      | Found an ornate altar of the Wu Jian Council.
  3515 | D:3      | Found a bloodstained altar of Trog.
  3515 | D:3      | Found a glowing silver altar of Zin.
  3517 | D:3      | Found a glowing golden altar of the Shining One.
  3519 | D:3      | Found a blossoming altar of Fedhas.
  3791 | D:4      | Found a sacrificial altar of Ru.
  3821 | D:4      | Reached skill level 5 in Short Blades
  4221 | D:5      | Entered Level 5 of the Dungeon
  4244 | D:5      | Found Mux Ciar's Distillery.
  4247 | D:5      | Found a transporter.
  4314 | D:5      | Reached XP level 8. HP: 22/36 MP: 4/13
  4439 | D:5      | Found a transporter.
  4554 | D:5      | Found a staircase to the Ecumenical Temple.
  4575 | Temple   | Entered the Ecumenical Temple
  4798 | Temple   | Became a worshipper of Gozag Ym Sagoz the Greedy
  4952 | D:5      | Found a basalt altar of Yredelemnul.
  5033 | D:5      | Found Apnetit's Jewellery Shoppe.
  5648 | D:5      | Found a shadowy altar of Dithmenos.
  5790 | D:6      | Got a faintly glowing robe
  5803 | D:6      | Identified the +0 robe "Ajeon" {-Cast rElec rC+} (You found
                  | it on level 6 of the Dungeon)
  5834 | D:6      | Got a warped silver ring
  5836 | D:6      | Identified the ring "Piskogee" {Wiz rPois Int+4} (You found
                  | it on level 6 of the Dungeon)
  6310 | D:6      | Found Xauxt's Armour Emporium.
  6375 | D:6      | Reached XP level 9. HP: 39/39 MP: 6/14
  6447 | D:6      | Got a smoking zirconium amulet
  6448 | D:6      | Identified the amulet "Icimoptaite" {rC+ rN+ MR+++ Regen+
                  | Dex-3} (You found it on level 6 of the Dungeon)
  6566 | D:6      | Noticed Grinder
  6598 | D:6      | Killed Grinder
  7208 | D:7      | Noticed Blork the orc
  7252 | D:7      | Killed Blork the orc
  7261 | D:7      | Reached skill level 10 in Hexes
  7519 | D:7      | Learned a level 3 spell: Tukima's Dance
  7523 | D:7      | Learned a level 3 spell: Dazzling Flash
  7532 | D:7      | Noticed Eustachio
  7547 | D:7      | Killed Eustachio
  7684 | D:7      | Reached skill level 10 in Stealth
  8043 | D:8      | Reached XP level 10. HP: 38/44 MP: 15/15
  8904 | D:9      | Found a roughly hewn altar of Beogh.
  9052 | D:9      | Noticed Prince Ribbit
  9084 | D:9      | Killed Prince Ribbit
  9168 | D:9      | Found Byanor's Antique Weapon Shoppe.
  9187 | D:9      | Noticed Pikel
  9211 | D:9      | Killed Pikel
  9211 | D:9      | Reached skill level 10 in Short Blades
  9350 | D:9      | Found a staircase to the Lair.
  9944 | Lair:1   | Entered Level 1 of the Lair of Beasts
  9991 | Lair:1   | Noticed Joseph
 10010 | Lair:1   | Killed Joseph
 10010 | Lair:1   | Reached skill level 1 in Fighting
 10048 | Lair:1   | Noticed a spiny frog
 10137 | Lair:1   | Noticed a black mamba
 10141 | Lair:1   | Killed a black mamba
 10141 | Lair:1   | Reached skill level 5 in Spellcasting
 10173 | Lair:1   | Reached XP level 11. HP: 49/51 MP: 13/19
 10177 | Lair:1   | Reached skill level 1 in Evocations
 10236 | Lair:1   | Reached skill level 5 in Shields
 10243 | Lair:1   | Reached skill level 6 in Dodging
 11032 | Lair:1   | Reached skill level 7 in Dodging
 11311 | Lair:1   | Reached skill level 8 in Dodging
 11499 | Lair:1   | Learned a level 1 spell: Confusing Touch
 11502 | Lair:1   | Learned a level 2 spell: Blink
 11508 | Lair:1   | Learned a level 5 spell: Yara's Violent Unravelling
 12010 | Lair:2   | Reached skill level 9 in Dodging
 12095 | Lair:2   | Reached skill level 5 in Fighting
 12213 | Lair:2   | Reached skill level 5 in Evocations
 12246 | Lair:2   | Noticed Urug
 12286 | Lair:2   | Reached XP level 12. HP: 31/60 MP: 6/20
 12351 | Lair:2   | Killed Urug
 12351 | Lair:2   | Reached skill level 10 in Dodging
 12392 | Lair:2   | Found a staircase to the Snake Pit.
 12402 | Lair:2   | Noticed a five-headed hydra
 12423 | Lair:2   | Killed a five-headed hydra
 13799 | Lair:3   | Reached skill level 11 in Dodging
 14078 | Lair:3   | Found a staircase to the Shoals.
 14431 | Lair:3   | Bought a ration for 55 gold pieces
 14431 | Lair:3   | Bought a ration for 55 gold pieces
 14431 | Lair:3   | Bought a ration for 55 gold pieces
 14431 | Lair:3   | Bought a ration for 55 gold pieces
 14431 | Lair:3   | Bought a ration for 55 gold pieces
 14431 | Lair:3   | Bought a ration for 55 gold pieces
 14431 | Lair:3   | Bought a ration for 55 gold pieces
 14431 | Lair:3   | Bought a ration for 55 gold pieces
 14431 | Lair:3   | Bought a ration for 55 gold pieces
 14431 | Lair:3   | Bought a ration for 55 gold pieces
 14431 | Lair:3   | Bought a ration for 55 gold pieces
 14489 | Lair:4   | Noticed a five-headed hydra
 14502 | Lair:4   | Killed a five-headed hydra
 14529 | Lair:4   | Noticed a seven-headed hydra
 14556 | Lair:4   | Killed a seven-headed hydra
 14556 | Lair:4   | Reached skill level 12 in Dodging
 14641 | Lair:4   | Noticed a death yak
 14642 | Lair:4   | Noticed a death yak
 14656 | Lair:4   | Reached skill level 1 in Translocations
 14928 | Lair:4   | Noticed a six-headed hydra
 14935 | Lair:4   | Killed a six-headed hydra
 15081 | Lair:4   | Killed a death yak
 15098 | Lair:4   | Killed a death yak
 15387 | Lair:4   | Reached XP level 13. HP: 67/67 MP: 21/21
 15633 | Lair:4   | Bought an ichor-stained buckler for 361 gold pieces
 15643 | Lair:4   | Identified the +6 buckler of Makhleb's Benevolence {MR+
                  | Int+6} (You bought it in a shop on level 4 of the Lair of
                  | Beasts)
 15840 | Lair:5   | Reached skill level 5 in Translocations
 16159 | Lair:5   | Reached skill level 1 in Transmutations
 16457 | Lair:5   | Found a staircase to the Slime Pits.
 16588 | Lair:6   | Entered Level 6 of the Lair of Beasts
 16828 | Lair:6   | Found a gate leading to a gauntlet.
 16837 | Gauntlet | Entered a Gauntlet
 16837 | Gauntlet | Found a runed translucent door.
 16837 | Gauntlet | Found a transporter.
 16837 | Gauntlet | Found a runed translucent door.
 16837 | Gauntlet | Found a transporter.
 16837 | Gauntlet | Found a transporter.
 16838 | Gauntlet | Found a transporter.
 16839 | Gauntlet | Found a transporter.
 16842 | Gauntlet | Found a transporter.
 16849 | Gauntlet | Found a transporter.
 16850 | Gauntlet | Found a transporter.
 16851 | Gauntlet | Found a transporter.
 16853 | Gauntlet | Found a transporter.
 16862 | Gauntlet | Found a transporter.
 16863 | Gauntlet | Noticed a cacodemon
 16865 | Gauntlet | Found a transporter.
 17290 | Gauntlet | Got a heavily runed ivory ring
 17300 | Gauntlet | Identified the ring of Vijoplo {rF+ EV+2} (You found it in
                  | a Gauntlet)
 17368 | Gauntlet | Reached skill level 5 in Transmutations
 17404 | Gauntlet | Got a scintillating marble ring
 17439 | Gauntlet | Identified the ring "Hinn" {Wiz +Fly rN+++ MR++ MP-9}
 17439 | Gauntlet | Noticed a minotaur
 17448 | Gauntlet | Killed a minotaur
 18531 | Lair:5   | Learned a level 5 spell: Irradiate
 18922 | Lair:6   | Reached skill level 1 in Conjurations
 18924 | Lair:6   | Reached XP level 14. HP: 32/75 MP: 14/24
 19008 | Lair:6   | Found a glowing golden altar of the Shining One.
 19576 | Lair:6   | Identified the ring of False Pretenses {rF+ EV+1 Str+2}
                  | (You found it in a Gauntlet)
 19975 | Lair:6   | Reached skill level 10 in Fighting
 20003 | Lair:6   | Identified Heduki's Handbook of Enhancements and Cold
 20287 | D:10     | Entered Level 10 of the Dungeon
 21149 | D:11     | Found a staircase to the Orcish Mines.
 21384 | D:11     | Found a viscous altar of Jiyva.
 21649 | D:11     | Noticed Erolcha
 21678 | D:11     | Killed Erolcha
 21888 | Orc:1    | Entered Level 1 of the Orcish Mines
 22418 | Orc:1    | Reached skill level 13 in Dodging
 22744 | Orc:2    | Entered Level 2 of the Orcish Mines
 23529 | Orc:2    | Found Dexasmoa's Magic Scroll Emporium.
 23529 | Orc:2    | Found Eggen's Jewellery Emporium.
 23755 | Orc:2    | Found Lesag's Gadget Shoppe.
 23755 | Orc:2    | Found Tylazirgh's Weapon Shoppe.
 24055 | Orc:2    | Found a staircase to the Elven Halls.
 24193 | D:11     | Bought a +2 fustibalus of flaming for 390 gold pieces
 24193 | D:11     | Bought a +2 rapier of speed for 240 gold pieces
 24397 | D:12     | Noticed Kirke
 24408 | D:12     | Killed Kirke
 24408 | D:12     | Reached skill level 14 in Dodging
 24408 | D:12     | Reached skill level 5 in Conjurations
 24519 | D:12     | Learned a level 6 spell: Statue Form
 24564 | D:12     | Got a slimy rapier
 24565 | D:12     | Identified the cursed +0 rapier of True Grit {speed, Int+3}
                  | (You found it on level 12 of the Dungeon)
 25057 | D:13     | Reached skill level 1 in Earth Magic
 25122 | D:13     | Noticed a vampire knight
 25148 | D:13     | Noticed a war gargoyle
 25437 | D:13     | Found a glowing golden altar of the Shining One.
 25675 | D:13     | Reached XP level 15. HP: 48/80 MP: 24/28
 26114 | D:13     | Found Nioro's Antique Armour Emporium.
 26548 | D:14     | Found a frozen archway.
 26554 | IceCv    | Entered an ice cave
 27155 | IceCv    | Noticed a frost giant
 27199 | IceCv    | Killed a frost giant
 27577 | D:14     | Reached skill level 5 in Earth Magic
 27878 | D:14     | Found a gate to the Vaults.
 28699 | D:15     | Entered Level 15 of the Dungeon
 29457 | D:15     | Found a staircase to the Depths.
 30249 | Snake:1  | Entered Level 1 of the Snake Pit
 30278 | Snake:1  | Identified the ring "Dutrot" {rPois Int+8 Dex-3 Slay+4
                  | Stlth+}
 30320 | Snake:1  | Reached XP level 16. HP: 85/85 MP: 29/29
 30337 | Snake:1  | Noticed Rupert
 30354 | Snake:1  | Killed Rupert
 30421 | Snake:1  | Noticed Agnes
 30436 | Snake:1  | Upgraded the game from 0.25-a0-302-g9f758675c1 to
                  | 0.25-a0-306-g3faca94807
 30449 | Snake:1  | Killed Agnes
 31085 | Snake:1  | Reached skill level 15 in Dodging
 31996 | Snake:2  | Identified a scroll of acquirement
 32332 | Snake:2  | Found Eddesos's Distillery.
 32340 | Snake:2  | Reached skill level 10 in Transmutations
 32350 | Snake:2  | Found Nenus's Jewellery Shoppe.
 32363 | Snake:2  | Bought 2 potions of heal wounds for 140 gold pieces
 32363 | Snake:2  | Bought a potion of lignification for 42 gold pieces
 32404 | Snake:2  | You fall into a shaft and drop 1 floor!
 32511 | Snake:3  | Noticed Louise
 32533 | Snake:3  | Killed Louise
 33109 | Snake:2  | Found Raawn's Antique Weapon Boutique.
 33617 | Snake:3  | Reached skill level 10 in Earth Magic
 33617 | Snake:3  | Reached XP level 17. HP: 82/89 MP: 30/30
 33649 | Snake:3  | Reached skill level 15 in Stealth
 33651 | Snake:3  | Reached skill level 1 in Slings
 33982 | Snake:3  | Noticed Vashnia
 34096 | Snake:3  | Killed Vashnia
 34830 | Snake:4  | Entered Level 4 of the Snake Pit
 34922 | Snake:4  | Reached skill level 5 in Slings
 35590 | Snake:4  | Reached skill level 10 in Spellcasting
 35814 | Snake:4  | Got a serpentine rune of Zot
 35959 | Lair:2   | Learned a level 4 spell: Summon Lightning Spire
 35988 | Shoals:1 | Entered Level 1 of the Shoals
 36234 | Shoals:1 | Reached skill level 1 in Air Magic
 36319 | Shoals:1 | Reached skill level 1 in Summonings
 37471 | Shoals:2 | Noticed Ilsuiw
 37606 | Shoals:2 | Killed Ilsuiw
 38080 | Shoals:2 | Reached XP level 18. HP: 74/96 MP: 31/33
 38153 | Shoals:3 | Found Vidwuoka's Gadget Boutique.
 38164 | Shoals:3 | Bought a phantom mirror for 390 gold pieces
 38164 | Shoals:3 | Bought a lightning rod (4/4) for 520 gold pieces
 38164 | Shoals:3 | Bought a lamp of fire for 520 gold pieces
 38164 | Shoals:3 | Bought a wand of acid (6) for 260 gold pieces
 38507 | Shoals:3 | Found Alunt's Distillery.
 38526 | Shoals:3 | Found Maxuw's Antique Armour Boutique.
 38563 | Shoals:3 | Bought a potion of degeneration for 14 gold pieces
 38605 | Shoals:3 | Found Fiwemy's Magic Scroll Shoppe.
 38613 | Shoals:3 | Bought a scroll of enchant weapon for 120 gold pieces
 38613 | Shoals:3 | Bought a scroll of summoning for 152 gold pieces
 38864 | Shoals:3 | Found Faiqiq's Assorted Antiques.
 38867 | Shoals:3 | Bought a wand of iceblast (10) for 104 gold pieces
 38867 | Shoals:3 | Bought a paperback book for 390 gold pieces
 38938 | Shoals:4 | Entered Level 4 of the Shoals
 39607 | Shoals:4 | Identified the +1 hunting sling of World Downfall {venom,
                  | Dex+2} (You found it on level 4 of the Shoals)
 39628 | Shoals:4 | Reached skill level 10 in Slings
 40751 | Shoals:4 | Got a barnacled rune of Zot
 41492 | Vaults:1 | Entered Level 1 of the Vaults
 42643 | Vaults:1 | Reached skill level 5 in Air Magic
 43162 | Vaults:2 | Reached XP level 19. HP: 103/103 MP: 29/34
 43223 | Vaults:2 | Identified the ring of the Middle {*Tele rPois Dex+2 SInv}
                  | (You found it on level 2 of the Vaults)
 44016 | Vaults:2 | Found a staircase to the Crypt.
 44245 | Vaults:2 | Found a runed translucent door.
 44245 | Vaults:2 | Noticed Kagalorn's ghost (adept BaTm)
 44267 | Vaults:2 | You fall into a shaft and drop 1 floor!
 44713 | Vaults:3 | Found a sparkling altar of Nemelex Xobeh.
 44951 | Vaults:3 | Identified the ring "Zoilleg" {*Slow rF+ Str+9 Dex+4}
 45273 | Vaults:3 | Found Jeomymyo's Assorted Antiques.
 45281 | Vaults:3 | Bought a papyrus book for 615 gold pieces
 45684 | Vaults:3 | Found Doerioxt's General Store.
 45753 | Vaults:3 | Bought a scroll of summoning for 123 gold pieces
 45753 | Vaults:3 | Bought 2 throwing nets for 78 gold pieces
 45753 | Vaults:3 | Bought a throwing net for 39 gold pieces
 46766 | Vaults:4 | Reached skill level 15 in Fighting
 46774 | Vaults:4 | Learned a level 6 spell: Eringya's Noxious Bog
 46919 | Vaults:4 | Reached skill level 1 in Poison Magic
 46927 | Vaults:4 | Reached XP level 20. HP: 83/113 MP: 27/38
 47944 | Vaults:4 | Found Adghoavyno's Antique Armour Shop.
 48352 | Elf:1    | Entered Level 1 of the Elven Halls
 48409 | Elf:1    | Noticed Aizul
 48454 | Elf:1    | Killed Aizul
 48941 | Elf:1    | Found a shimmering blue altar of Sif Muna.
 49005 | Elf:1    | Found Kohos's Jewellery Boutique.
 49006 | Elf:1    | Found Tuah's Gadget Emporium.
 49006 | Elf:1    | Found Hissud's Gadget Emporium.
 49145 | Elf:1    | Reached skill level 10 in Evocations
 49398 | Elf:1    | Found Pideteh's Magic Scroll Emporium.
 49726 | Elf:1    | Reached skill level 5 in Poison Magic
 49955 | Elf:1    | Reached skill level 15 in Slings
 50152 | Elf:2    | Found a runed translucent gate.
 50152 | Elf:2    | Found a runed translucent gate.
 50153 | Elf:2    | Found a runed translucent gate.
 50206 | Elf:2    | Noticed Azrael
 50254 | Elf:2    | Killed Azrael
 50658 | Elf:3    | Entered Level 3 of the Elven Halls
 51322 | Elf:3    | Reached skill level 16 in Dodging
 51605 | Elf:3    | Reached XP level 21. HP: 117/117 MP: 33/39
 51753 | Elf:3    | Identified Sologof's Handbook of Ice and Poison
 52643 | Crypt:1  | Entered Level 1 of the Crypt
 53340 | Crypt:1  | You fall into a shaft and drop 1 floor!
 53422 | Crypt:2  | Noticed Khufu
 53422 | Crypt:2  | Noticed a greater mummy
 53451 | Crypt:2  | Killed a greater mummy
 53451 | Crypt:2  | Reached skill level 17 in Dodging
 53485 | Crypt:2  | Killed Khufu
 54783 | Crypt:2  | Reached skill level 10 in Poison Magic
 54964 | Crypt:2  | Reached skill level 1 in Armour
 54964 | Crypt:2  | Reached skill level 18 in Dodging
 55379 | Crypt:2  | Identified the Compendium of Necromancy
 55524 | Crypt:3  | Entered Level 3 of the Crypt
 55650 | Crypt:3  | Reached XP level 22. HP: 118/122 MP: 40/40
 56207 | Crypt:3  | Reached skill level 19 in Dodging
 56484 | Crypt:3  | Found a basalt altar of Yredelemnul.
 56639 | Crypt:3  | Reached skill level 5 in Armour
 57357 | Crypt:3  | Found a staircase to the Tomb.
 57593 | Crypt:3  | Noticed Jory
 57618 | Crypt:3  | Killed Jory
 57715 | Crypt:3  | Reached skill level 20 in Dodging
 58166 | Vaults:2 | Bought a scroll of teleportation for 108 gold pieces
 58166 | Vaults:2 | Bought a potion of haste for 360 gold pieces
 58166 | Vaults:2 | Bought an embroidered robe for 133 gold pieces
 58325 | Depths:1 | Entered Level 1 of the Depths
 58390 | Depths:1 | Found a shattered altar of Ashenzari.
 58495 | Depths:1 | Found a gateway to Hell.
 58603 | Depths:1 | Upgraded the game from 0.25-a0-306-g3faca94807 to
                  | 0.25-a0-308-geac79542e2
 59719 | Depths:1 | Found the +8 frozen axe "Frostbite" {freezing cloud, *Noise
                  | +Fly rC+}
 60257 | Depths:2 | Found a portal to a secret trove of treasure.
 60574 | Depths:2 | Reached XP level 23. HP: 82/128 MP: 41/41
 60754 | Depths:2 | Learned a level 6 spell: Iron Shot
 60922 | Depths:2 | Noticed Bai Suzhen
 60979 | Depths:2 | Killed Bai Suzhen
 61571 | Depths:2 | Identified the cursed +1 ice dragon scales "Mischennigg"
                  | {rF- rC++ SInv} (You found it on level 2 of the Depths)
 61850 | Depths:2 | Found a one-way gate leading to the halls of Pandemonium.
 62176 | Depths:3 | Noticed Frederick
 62327 | Depths:3 | Killed Frederick
 62419 | Depths:3 | Identified the ring of Pride {Fire Str+7}
 62564 | Depths:3 | Found Ogeu's Distillery.
 62659 | Depths:3 | Bought a potion of heal wounds for 90 gold pieces
 62659 | Depths:3 | Bought a potion of heal wounds for 90 gold pieces
 63959 | Depths:3 | Found a shimmering altar of Xom.
 63969 | Depths:3 | Found a one-way gate to the infinite horrors of the Abyss.
 64032 | Depths:3 | Found a runed translucent door.
 64032 | Depths:3 | Noticed Niussima's ghost (veteran BaAK)
 64574 | Depths:4 | Reached XP level 24. HP: 74/137 MP: 31/41
 64999 | Depths:4 | Found a transporter.
 65001 | Depths:4 | Found a transporter.
 65007 | Depths:4 | Found the +3 pair of gauntlets of War {Slay+5}
 65222 | Depths:5 | Entered Level 5 of the Depths
 65658 | Depths:5 | Found a gate to the Realm of Zot.
 65850 | Depths:5 | Found a gateway to a ziggurat.
 65850 | Depths:5 | Noticed an ancient lich
 66139 | Depths:5 | Killed an ancient lich
 66139 | Depths:5 | Reached skill level 10 in Conjurations
 66151 | Depths:5 | Gained mutation: Your magical capacity is low. (-10% MP) [a
                  | cacodemon]
 66938 | Vaults:5 | Entered Level 5 of the Vaults
 67114 | Vaults:5 | Got a silver rune of Zot
 67278 | Vaults:5 | Identified the cursed +3 rapier "Goamovi" {freeze, rF+}
                  | (You found it on level 5 of the Vaults)
 67430 | Vaults:5 | Identified the +1 robe of Vunotefu {rC+ Regen+ Int-3} (You
                  | found it on level 5 of the Vaults)
 67545 | Vaults:5 | Identified the +1 hat of Grottiness {Str+2 Stlth+} (You
                  | found it on level 5 of the Vaults)
 68251 | D:14     | Learned a level 1 spell: Summon Butterflies
 68428 | Zot:1    | Entered Level 1 of the Realm of Zot
 69815 | Zot:2    | Reached XP level 25. HP: 112/146 MP: 36/37
 70163 | Zot:2    | Reached skill level 21 in Dodging
 71106 | Zot:3    | Learned a level 5 spell: Summon Mana Viper
 71112 | Zot:3    | Learned a level 5 spell: Alistair's Intoxication
 71161 | Zot:3    | Reached skill level 15 in Spellcasting
 71420 | Zot:3    | Reached skill level 22 in Dodging
 71437 | Zot:3    | Identified Konniuma's Volume of Might
 72543 | Zot:4    | Upgraded the game from 0.25-a0-308-geac79542e2 to
                  | 0.25-a0-310-g60f0ac2d9a
 73147 | Zot:4    | Reached skill level 23 in Dodging
 73379 | Zot:4    | Found a stormy altar of Qazlal.
 73380 | Zot:4    | Noticed an ancient lich
 73392 | Zot:4    | HP: 2/192 [ancient lich/crystal spear (79)]
 73392 | Zot:4    | Slain by an ice dragon

Levels and vault maps discovered:
D:1:      ldierk_walled_garden, layout_basic, chequers_jeans,
          minmay_misc_feat_enclosed, minmay_pentomino_v2
D:2:      layout_rooms, chequers_temple_overflow_statue_of_worship,
          chequers_ecumenical_altar_lobes, serial_glass, glass_columns_a,
          glass_columns_c, st_stairs_13
D:3:      layout_basic, minitemple, uniq_purgy, uniq_ijyb, uniq_jessica,
          uniq_sigmund
D:4:      layout_rooms, kennysheep_mini_moat
D:5:      gammafunk_wand_slinger, layout_cave_pods,
          yredelemnul_forgotten_temple_becter, grunt_dithmenos_shadows,
          minmay_temple_entry_junction_2, serial_shops,
          nicolae_shop_window_shopping, shop, first_ration
D:6:      kennysheep_windowed_halls, layout_basic, serial_shops,
          nicolae_shop_waterfront, interstate_on_off, uniq_grinder
D:7:      layout_cave_pools, sword_in_stone
D:8:      layout_basic
D:9:      layout_basic, grunt_lair_entry_orc_guard_hut, special_room
          [special_room_orc], serial_shops, shop, uniq_prince_ribbit1,
          uniq_pikel
D:10:     layout_roguey
D:11:     layout_irregular_city, orc_0_dummy, hangedman_fish_farm,
          jiyva_altar_1, uniq_erolcha
D:12:     layout_roguey, uniq_kirke
D:13:     minmay_shrinking_squares, layout_basic, serial_shops, shop,
          hex_intersection, tso_metal_star
D:14:     layout_layer_cave, erik_vaults_2, portal_ice_cave_entry_pillars_2
D:15:     hangedman_depths_entry_try_elsewhere_first, layout_basic,
          minmay_stone_trees_medium
Temple:   minmay_temple_curvy_loop
Lair:1:   layout_cave_pods, columned_hall_lemuel, kennysheep_rathole,
          lemuel_fruit_fields, grunt_megastairs_1, uniq_joseph
Lair:2:   beast_lair_carwin_large_3, layout_regular_city,
          guppyfry_snake_entry_island, serial_bayou_lagoon_a,
          chequers_serial_rivers_micro_b, minmay_lair_oklob_bushes,
          chequers_serial_rivers_micro_d, minivault_19, uniq_urug
Lair:3:   layout_small_grid, minmay_shoals_entry_centaurs, lemuel_fruit_tree,
          infiniplex_staircase_pool_2
Lair:4:   layout_regular_city, st_stairs_8, lemuel_fruit_fields
Lair:5:   minmay_lair_oklob_tunnel, layout_hall_layers,
          minmay_slime_entry_oklob_open, kennysheep_basilisk_garden
Lair:6:   due_jungle_book, layout_gridlike, gauntlet_entry_generic,
          serial_rivers, chequers_serial_rivers_room_b,
          chequers_serial_rivers_room_b, chequers_serial_rivers_micro_a,
          chequers_serial_rivers_small_a, chequers_serial_rivers_micro_b,
          basic_altar, grunt_forest_large_clearings
Shoals:1: layout_shoals
Shoals:2: layout_shoals, ldierk_geyser, uniq_ilsuiw
Shoals:3: layout_shoals, serial_shops, nicolae_shop_trees, shop,
          nicolae_shop_behind_doors, shop, shop_statue,
          nicolae_shoals_aquamancer_cove
Shoals:4: shoals_end_grunt_ice, layout_shoals, nicolae_shoals_drake_roost
Snake:1:  layout_misc_corridors, uniq_rupert, uniq_agnes
Snake:2:  layout_chambers, serial_shops, shop, st_stairs_4, grunt_megastairs_2,
          minmay_shoptagon
Snake:3:  hangedman_cross_stitches, layout_onion_interference,
          corexii_hall_statues_deadend, uniq_vashnia, uniq_louise
Snake:4:  minmay_snake_end_coiled, layout_rooms
Orc:1:    layout_caves
Orc:2:    st_orc_mages, layout_caves
Elf:1:    elf_arrival_001, layout_loops_cross, serial_shops, shop, basic_altar,
          hangedman_elf_disciples, hex_large, grunt_ministairs_11,
          minmay_shop_grove, uniq_aizul
Elf:2:    layout_geoelf_diagonals, uniq_azrael
Elf:3:    minmay_elf_hall_statues, layout_geoelf_diagonals
Vaults:1: nicolae_vaults_back_hallway, nicolae_vaults_twisting_passages,
          vaults_dpeg_doors, grunt_vaults_twisty, grunt_vaults_hallway_short,
          nicolae_vaults_c_with_doors, grunt_vaults_diagonal,
          nicolae_vaults_little_squares_3, nicolae_vaults_rhombus_7,
          nicolae_vaults_three_branches, ontoclasm_vaults_spin,
          layout_vaults_ring
Vaults:2: ebering_vaults_ghost_inner_flame, minmay_crypt_entry_simple_corners,
          vaults_room_boxed, nicolae_vaults_specimen_jars,
          hangedman_vaults_capsules, grunt_vaults_funnel, v_misc_28,
          vaults_room_stairs_pillars, vaults_room_pools, v_misc_3,
          layout_vaults_big_room
Vaults:3: hangedman_vaults_hat, v_alt_pattern_1, st_lattice, vaults_dpeg_spiral,
          vaults_room_fours, v_misc_25, hangedman_vaults_pinch,
          nicolae_vaults_theta, vaults_room_fours, vaults_room_large_hall,
          v_misc_5, vaults_room_pool, vaults_dpeg_ring, dpeg_vaults_monster_box,
          layout_vaults_omnicross, serial_shops, nicolae_shop_stone,
          nicolae_shop_trees, basic_altar
Vaults:4: hangedman_vaults_slice, v_misc_25, nicolae_vaults_yaktaur_gun_rack,
          grunt_vaults_hallway_long, vaults_dpeg_hooks, vaults_room_hallway,
          nicolae_vaults_little_ls, v_misc_15, ontoclasm_vaults_loading_screen,
          layout_vaults_omnigrid, serial_shops, shop
Vaults:5: serial_shops
Crypt:1:  layout_chaotic_city, minivault_4
Crypt:2:  layout_misc_corridors, special_room [special_room_morgue],
          minmay_misc_feat_ornament, uniq_khufu
Crypt:3:  church_of_pain_bobbens, layout_chaotic_city,
          nicolae_tomb_entry_unfolded_pyramid_diagonal,
          minmay_misc_feat_columns, fountainhead
Depths:1: cheibrodos_poisonous_passages, layout_basic, hell_entry,
          minmay_misc_feat_more_columns, minmay_misc_feat_diagonals,
          evilmike_ruin_ashenzari
Depths:2: minmay_the_grid_octo_tiled_octocenter [minmay_the_grid_octo_horde,
          minmay_the_grid_octo_odd_swirl, minmay_the_grid_octo_checkered,
          minmay_the_grid_octo_thin_diamonds,
          minmay_the_grid_octo_prize_square_snowflake,
          minmay_the_grid_square_5x5_sharp_hourglass,
          minmay_the_grid_square_5x5_checkered_statues,
          minmay_the_grid_square_5x5_comb,
          minmay_the_grid_square_5x5_checkered], layout_honeycomb,
          nicolae_trove_entry_crossroad, rand_demon_pan_entry_9, hell_entry,
          minmay_holes, uniq_bai_suzhen
Depths:3: due_chaos_kobolds, layout_basic, serial_shops, shop,
          rand_demon_pan_entry_8, serial_corexii_hall, corexii_hall_statues_u,
          corexii_hall_statues_l, hell_entry, gammafunk_ghost_grave,
          infiniplex_staircase_zigzag_2, uniq_frederick
Depths:4: gammafunk_jiyva_shrine, layout_cross, lightli_too_deep,
          grunt_pan_entry_sceptre, abyss_entry_small_statue_room,
          grunt_megastairs_3, infiniplex_staircase_river
Depths:5: grunt_zot_entry_tricorne, layout_gridlike, enter_ziggurat_d,
          kennysheep_pointless_box, hangedman_tar_grid_catacomb, serial_sigils,
          serial_sigils_hangedman_gnaw, serial_sigils_hangedman_gut,
          serial_sigils_hangedman_confine, serial_sigils_hangedman_gut
Zot:1:    nicolae_zot_stationary_front, layout_gridlike
Zot:2:    layout_misc_corridors
Zot:3:    layout_concentric_octagons, guppyfry_library_mini
Zot:4:    regret_index_qazlal_generations, layout_basic

Skill      XL: |  1  2  3  4  5  6  7  8  9 10 11 12 13 14 15 16 17 18 19 20 21 22 23 24 25 |
---------------+----------------------------------------------------------------------------+-----
Hexes          | 4 5 6 7 8 10 12 | 12.0
Short Blades   | 2 3 4 5 7 9 10 13 14 | 14.0
Stealth        | 5 6 7 8 10 13 14 15 17 21 22 | 22.5
Dodging        | 4 5 9 12 14 15 16 18 20 23 | 23.3
Shields        | 1 2 3 4 5 6 7 |  7.2
Spellcasting   | 5 6 8 10 13 14 15 | 15.0
Fighting       | 2 5 7 9 10 11 12 15 18 19 20 | 20.6
Evocations     | 5 7 8 12 13 | 13.0
Translocations | 4 5 |  5.0
Transmutations | 8 10 | 10.0
Conjurations   | 1 5 8 10 | 10.0
Earth Magic    | 2 7 10 | 10.0
Slings         | 8 13 14 16 17 | 17.1
Air Magic      | 2 5 |  5.0
Summonings     | 2 4 |  4.3
Poison Magic   | 1 7 10 | 10.0
Armour         | 3 7 8 |  8.0

Action                   |  1- 3 |  4- 6 |  7- 9 | 10-12 | 13-15 | 16-18 | 19-21 | 22-24 | 25-27 || total
-------------------------+-------+-------+-------+-------+-------+-------+-------+-------+-------++-------
Melee: Dagger            |   179 |   199 |   484 |  1196 |  1726 |       |       |       |       ||  3784
       Rapier            |       |       |       |       |  1209 |  2042 |  3012 |  2702 |   783 ||  9748
 Fire: Fustibalus        |       |       |       |       |       |   310 |   220 |   319 |    72 ||   921
Throw: Dart              |       |    16 |    23 |    22 |    23 |    20 |     1 |     1 |       ||   106
 Cast: Ensorcelled Hiber |    17 |    17 |    38 |    94 |    95 |    49 |       |       |       ||   310
       Confuse           |       |     7 |    34 |    29 |    60 |    33 |     3 |     8 |       ||   174
       Tukima's Dance    |       |       |       |    10 |    68 |    77 |    29 |    33 |     2 ||   219
       Dazzling Flash    |       |       |       |    11 |    15 |    12 |     1 |       |       ||    39
       Confusing Touch   |       |       |       |    10 |    48 |    34 |    22 |    28 |     7 ||   149
       Blink             |       |       |       |       |     3 |       |       |     3 |     2 ||     8
       Irradiate         |       |       |       |       |     4 |    10 |    10 |    24 |     6 ||    54
       Yara's Violent Un |       |       |       |       |     1 |     9 |     8 |    14 |       ||    32
       Statue Form       |       |       |       |       |       |     1 |     9 |    26 |    14 ||    50
       Summon Lightning  |       |       |       |       |       |       |     1 |       |     1 ||     2
       Eringya's Noxious |       |       |       |       |       |       |     2 |    15 |     5 ||    22
       Iron Shot         |       |       |       |       |       |       |       |     8 |     6 ||    14
       Alistair's Intoxi |       |       |       |       |       |       |       |       |     2 ||     2
Invok: Call Merchant     |       |       |       |     2 |     2 |       |       |     1 |       ||     5
       Potion Petition   |       |       |       |       |     2 |       |       |       |       ||     2
       Bribe Branch      |       |       |       |       |       |     1 |       |     3 |       ||     4
Evoke: Wand              |       |     1 |     4 |     3 |    11 |     8 |     1 |     1 |    11 ||    40
       Lamp of fire      |       |       |       |       |       |       |       |     2 |     1 ||     3
  Use: Scroll            |     3 |     3 |     2 |    12 |    12 |    10 |     8 |    16 |     5 ||    71
       Potion            |       |     2 |       |     1 |     5 |     9 |       |     7 |       ||    24
 Stab: Sleeping          |    16 |    12 |    46 |    58 |    94 |    74 |    47 |    44 |     8 ||   399
       Distracted        |     1 |       |       |    13 |    17 |    24 |    21 |    36 |     9 ||   121
       Confused          |       |     5 |    18 |    30 |   105 |    59 |    31 |    35 |     8 ||   291
       Invisible         |       |       |       |     7 |    29 |     4 |       |       |       ||    40
       Paralysed         |       |       |       |       |       |       |       |       |     6 ||     6
       Petrified         |       |       |       |       |       |       |       |       |     1 ||     1
  Eat: Ration            |       |     2 |     5 |     6 |    11 |     9 |    10 |    13 |     4 ||    60
Armor: Robe              |    18 |    12 |       |       |       |       |       |       |       ||    30
       Troll leather arm |       |     8 |    40 |    70 |    87 |    43 |    57 |    77 |    17 ||   399
       Skin              |       |       |       |       |       |     5 |    54 |   126 |   112 ||   297
Dodge: Dodged            |   173 |   161 |   238 |   484 |   971 |   697 |   847 |  1223 |   477 ||  5271
Block: Buckler           |       |    10 |   101 |   189 |  1015 |   604 |   813 |   865 |   299 ||  3896

Table legend:
 A = Non-vault XP
 B = Vault XP
 C = Vault XP percentage of total XP
 D = Non-vault monster count
 E = Vault monster count
 F = Vault count percentage of total count
                 A         B        C        D         E       F
            +---------+---------+-------+---------+---------+-------
      Total |  772796 |  528378 |  40.6 |    1579 |     792 |  33.4
            +---------+---------+-------+---------+---------+-------
        D:1 |      58 |       4 |   6.5 |      30 |       2 |   6.2
        D:2 |     173 |       4 |   2.3 |      32 |       2 |   5.9
        D:3 |     175 |     445 |  71.8 |      21 |       4 |  16.0
        D:4 |     351 |       0 |   0.0 |      14 |       0 |   0.0
        D:5 |     407 |     238 |  36.9 |      10 |       6 |  37.5
        D:6 |     772 |     769 |  49.9 |      18 |      15 |  45.5
        D:7 |    1459 |     594 |  28.9 |      32 |       5 |  13.5
        D:8 |     290 |       0 |   0.0 |      11 |       0 |   0.0
        D:9 |    1635 |    1743 |  51.6 |      31 |      27 |  46.6
       D:10 |    2313 |       0 |   0.0 |      17 |       0 |   0.0
       D:11 |    1274 |    1625 |  56.1 |      17 |       6 |  26.1
       D:12 |    1799 |    2786 |  60.8 |      27 |       4 |  12.9
       D:13 |    6522 |    8141 |  55.5 |      36 |      10 |  21.7
       D:14 |    8996 |    5919 |  39.7 |      21 |       8 |  27.6
       D:15 |   14817 |    3117 |  17.4 |      49 |       4 |   7.5
     Lair:1 |    7431 |    1122 |  13.1 |      35 |      16 |  31.4
     Lair:2 |    5324 |    2617 |  33.0 |      22 |      12 |  35.3
     Lair:3 |    4623 |     345 |   6.9 |      21 |       3 |  12.5
     Lair:4 |    7789 |     425 |   5.2 |      20 |       1 |   4.8
     Lair:5 |    9196 |    3528 |  27.7 |      28 |      18 |  39.1
     Lair:6 |   13796 |    4551 |  24.8 |      25 |      20 |  44.4
   Shoals:1 |   12564 |       0 |   0.0 |      30 |       0 |   0.0
   Shoals:2 |   10443 |    6917 |  39.8 |      26 |       7 |  21.2
   Shoals:3 |   12125 |     806 |   6.2 |      29 |       1 |   3.3
   Shoals:4 |   15609 |   17938 |  53.5 |      38 |      31 |  44.9
    Snake:1 |   22158 |    5157 |  18.9 |      44 |       2 |   4.3
    Snake:2 |   23537 |    5802 |  19.8 |      41 |       9 |  18.0
    Snake:3 |   14882 |   13431 |  47.4 |      27 |      16 |  37.2
    Snake:4 |   15787 |    8660 |  35.4 |      41 |      26 |  38.8
      Orc:1 |    4504 |       0 |   0.0 |      33 |       0 |   0.0
      Orc:2 |    2432 |    4812 |  66.4 |      31 |      45 |  59.2
      Elf:1 |   21358 |   10182 |  32.3 |      37 |      15 |  28.8
      Elf:2 |   17775 |    5450 |  23.5 |      27 |       9 |  25.0
      Elf:3 |   10854 |   40452 |  78.8 |      20 |      26 |  56.5
   Vaults:1 |   15609 |   20997 |  57.4 |      27 |      34 |  55.7
   Vaults:2 |   28004 |   17480 |  38.4 |      38 |      27 |  41.5
   Vaults:3 |   22551 |   25539 |  53.1 |      58 |      33 |  36.3
   Vaults:4 |   28326 |    2051 |   6.8 |      48 |       3 |   5.9
   Vaults:5 |    3774 |   21769 |  85.2 |      11 |      29 |  72.5
    Crypt:1 |   32282 |       0 |   0.0 |      49 |       0 |   0.0
    Crypt:2 |   30110 |   40095 |  57.1 |      47 |      29 |  38.2
    Crypt:3 |   19374 |   57574 |  74.8 |      29 |      84 |  74.3
   Depths:1 |   24206 |   25013 |  50.8 |      41 |      19 |  31.7
   Depths:2 |   35954 |   33679 |  48.4 |      44 |      32 |  42.1
   Depths:3 |   47321 |    7847 |  14.2 |      71 |      14 |  16.5
   Depths:4 |   32622 |   16096 |  33.0 |      28 |      27 |  49.1
   Depths:5 |   27370 |   32766 |  54.5 |      33 |      19 |  36.5
      Zot:1 |   25541 |    9089 |  26.2 |      23 |       8 |  25.8
      Zot:2 |   66377 |       0 |   0.0 |      54 |       0 |   0.0
      Zot:3 |   38661 |   13849 |  26.4 |      19 |       9 |  32.1
      Zot:4 |   21486 |   33924 |  61.2 |      18 |      27 |  60.0
      IceCv |       0 |    9073 | 100.0 |       0 |      36 | 100.0
   Gauntlet |       0 |    3957 | 100.0 |       0 |      12 | 100.0
            +---------+---------+-------+---------+---------+-------
